Map: Ever Dream LE

Players

JimRising

  • Race: Zerg Zerg
  • League: Grandmaster
  • Spawn Location: 7:00

Cham - Winner!

  • Race: Zerg Zerg
  • League: Grandmaster
  • Spawn Location: 1:00

Event: DreamHack SC2 Masters 2020 Summer Latin America

VOD

Have the link to the VOD?

Description

Time

  • Played on: June 27, 2020, 3:29 p.m.
  • Length: 6:19

All games in this series

Show
View Real Time Build Order
Export as new Build Order

JimRising Zerg 

Build Orders: Hatch First 

Get SALT Encoding   

  12  0:00  Drone  
  13  0:12  Overlord  
  13  0:17  Drone  
  14  0:30  Drone x2  
  16  0:48  Hatchery  
  15  0:51  Drone  
  15  0:55  Drone  
  17  0:58  Drone  
  17  1:02  Extractor  
  17  1:16  Spawning Pool  
  17  1:18  Drone  
  17  1:22  Drone  
  18  1:29  Drone  
  19  1:39  Drone  
  20  1:49  Overlord  
  20  2:01  Drone x2  
  22  2:03  Queen x2  
  26  2:09  Metabolic Boost  
  26  2:12  Drone  
  27  2:16  Drone  
  27  2:22  Drone x2  
  30  2:32  Zergling x4  
  32  2:43  Drone x2  
  34  2:48  Hatchery  
  33  2:54  Baneling Nest  
  33  2:57  Overlord  
  32  3:04  Drone x2  
  34  3:05  Overlord  
  34  3:11  Overlord  
  34  3:14  Zergling x2  
  34  3:15  Drone  
  34  3:18  Drone  
  34  3:19  Drone  
  38  3:22  Drone  
  38  3:25  Drone  
  40  3:27  Drone  
  40  3:29  Drone  
  40  3:34  Queen  
  42  3:39  Zergling x4  
  42  3:40  Baneling  
  42  3:41  Baneling  
  46  3:50  Drone x3  
  46  3:51  Drone, Zergling x2  
  46  3:52  Zergling x2  
  52  4:00  Lair  
  52  4:01  Drone x2, Extractor x2  
  52  4:05  Drone x2  
  52  4:08  Drone  
  55  4:12  Queen  
  55  4:16  Zergling x4  
  59  4:17  Drone  
  59  4:22  Overlord  
  60  4:30  Drone x4, Extractor  
  62  4:33  Zergling x6  
  64  4:39  Drone  
  64  4:41  Roach Warren  
  64  4:42  Baneling x2  
  64  4:43  Baneling  
  64  4:46  Drone x2  
  64  4:47  Zergling x2  
  64  4:51  Zergling x4  
  67  5:08  Baneling x2  
  59  5:14  Zergling x6  
  59  5:20  Drone  
  59  5:21  Drone x6, Queen  
  66  5:23  Extractor  
  66  5:24  Drone  
  66  5:25  Drone x2, Spire  
  71  5:31  Drone x3  
  71  5:32  Extractor  
  73  5:39  Overlord x2  
  73  5:41  Overlord x2  
  73  5:44  Overlord  
  73  5:49  Spine Crawler  
  72  5:51  Spine Crawler  
  72  5:55  Roach  
  72  5:56  Spine Crawler  
  72  5:58  Baneling x4  
Show
View Real Time Build Order
Export as new Build Order

Cham Zerg - Winner!

Build Orders: Hatch First 

Get SALT Encoding   

  12  0:00  Drone  
  13  0:08  Drone  
  14  0:16  Overlord  
  14  0:35  Drone x2  
  16  0:47  Hatchery  
  15  0:50  Drone  
  15  0:55  Drone  
  17  0:58  Drone  
  18  1:09  Extractor  
  17  1:13  Spawning Pool  
  17  1:16  Drone  
  17  1:20  Drone  
  18  1:33  Drone  
  18  1:39  Drone  
  20  1:55  Drone  
  20  2:00  Queen x2  
  25  2:01  Overlord  
  25  2:02  Zergling x2  
  26  2:11  Drone  
  26  2:13  Drone  
  28  2:15  Metabolic Boost  
  28  2:22  Drone x2  
  30  2:33  Hatchery  
  29  2:39  Drone x2  
  31  2:45  Evolution Chamber  
  31  2:47  Baneling Nest  
  30  2:56  Overlord  
  30  2:57  Drone  
  30  2:58  Drone x2  
  31  3:05  Zergling x2  
  33  3:06  Zergling x2  
  33  3:08  Zergling x2  
  35  3:15  Overlord  
  35  3:16  Zergling x2  
  35  3:17  Drone  
  35  3:18  Drone x2  
  39  3:20  Drone  
  39  3:25  Evolution Chamber  
  39  3:27  Drone  
  39  3:31  Zergling x2  
  41  3:35  Drone  
  41  3:39  Drone  
  43  3:42  Drone x3  
  43  3:43  Drone  
  43  3:44  Drone  
  43  3:46  Drone x2  
  50  3:49  Overlord  
  50  3:53  Drone  
  51  3:57  Zergling x2  
  51  3:58  Zerg Missile Weapons Level 1  
  52  4:03  Roach Warren  
  52  4:04  Drone  
  52  4:05  Drone  
  52  4:08  Extractor  
  52  4:09  Extractor  
  51  4:11  Queen  
  51  4:14  Overlord  
  53  4:19  Zergling x6  
  53  4:23  Zergling x4  
  57  4:27  Overlord, Zergling x2  
  58  4:32  Zergling x4  
  58  4:33  Zergling x4  
  58  4:38  Overlord  
  62  4:39  Baneling x2  
  62  4:40  Baneling x2  
  62  4:44  Roach x2  
  66  4:58  Roach x2  
  69  5:02  Roach  
  69  5:04  Roach x4  
  68  5:14  Roach x2  
  68  5:15  Roach x3  
  68  5:17  Roach  
  68  5:18  Roach  
  79  5:22  Roach  
  79  5:23  Roach  
  79  5:25  Roach  
  85  5:29  Roach  
  85  5:33  Roach  
  89  5:36  Zergling x2  
  89  5:41  Overlord  
  90  5:44  Overlord  
  90  5:45  Extractor x3  
  90  5:46  Zergling x2  
  88  5:50  Zergling x4  
  88  5:54  Overlord x2  
  93  5:59  Ravager x2  
  93  6:00  Ravager, Zergling x4  
Tags
 
Add a new tag
Caveats
  • Supply blocks, unpowered buildings, or Contaminate may cause inaccurate times.
  • Supply counts are checked every 10 seconds.